 Dungeon Crawl Stone Soup version 0.31-a0-236-g9a0961fb85 (webtiles) character file.

Game seed: 15583962314406279873

831 qw the Shooter (level 7, -4/43 HPs)
             Began as a Gargoyle Hexslinger on July 10, 2023.
             Was an Initiate of Okawaru.
             Slain by Pikel
             ... wielding a +0 whip of flaming
              (6 damage)
             ... on level 5 of the Dungeon.
             The game lasted 00:02:14 (4323 turns).

qw the Shooter (Gargoyle Hexslinger)                Turns: 4323, Time: 00:02:15

Health: -4/43      AC: 11    Str: 12    XL:     7   Next: 98%
Magic:  8/8        EV: 16    Int: 13    God:    Okawaru [......]
Gold:   251        SH:  0    Dex: 20    Spells: 7/8 levels left

rFire   + . .        Y - +3 sling
rCold   . . .        (no shield)
rNeg    + . .        h - +0 ring mail
rPois   inf          (no helmet)
rElec   +            (no cloak)
rCorr   .            (no gloves)
SInv    .            b - +0 pair of boots
Will    .....        (no amulet)
Stlth   +            d - ring of Noryrr {rElec rF+ EV+5}
HPRegen 0.27/turn    i - +6 ring of dexterity
MPRegen 0.11/turn

%: no passive effects
@: no status effects
A: sickness immunity, AC +4, negative energy resistance 1, electricity
resistance, torment resistance 1, petrification resistance
a: Renounce Religion


You were on level 5 of the Dungeon.
You worshipped Okawaru.
Okawaru was noncommittal.
You visited 2 branches of the dungeon, and saw 6 of its levels.

You collected 251 gold pieces.


Innate Abilities, Weirdness & Mutations

You are immune to sickness and miasma.
Your stone body is resilient. (AC +4)
You are immune to poison.
You resist negative energy. (rN+)
You are resistant to electric shocks. (rElec)
You are resistant to unholy torment.
You are immune to petrification.


   Skills:
 - Level 4.1 Fighting
 + Level 7.4 Ranged Weapons
 - Level 1.9 Armour
 - Level 2.2 Dodging
 - Level 1.0 Spellcasting
 - Level 2.6 Hexes


You had 7 spell levels left.
You knew the following spells:

 Your Spells              Type           Power      Damage    Failure   Level
a - Slow                  Hex            28%        N/A       21%         1

Your spell library contained the following spells:

 Spells                   Type           Power      Damage    Failure   Level
 Inner Flame              Hex/Fire       4%         N/A       71%         3
 Portal Projectile        Hex/Tloc       8%         N/A       71%         3
 Cause Fear               Hex            3%         N/A       90%         4

Inventory:

Hand Weapons
 Y - a +3 sling (weapon)
Armour
 b - a +0 pair of boots (worn)
 h - a +0 ring mail (worn)
Jewellery
 d - the ring of Noryrr (left hand) {rElec rF+ EV+5}
   (You found it on level 3 of the Dungeon)

   [ring of evasion]

   EV:        It affects your evasion (+5).
   rF:        It protects you from fire.
   rElec:     It insulates you from electricity.
 i - a +6 ring of dexterity (right hand)
Scrolls
 a - a scroll of summoning {unknown}
 e - 2 scrolls of identify
 f - a scroll of brand weapon {unknown}
Potions
 c - a potion of curing
 g - 2 potions of cancellation

Dungeon Overview and Level Annotations

Branches:
Dungeon (5/15)             Temple (1/1) D:5

Altars:
Ashenzari
Cheibriados
Dithmenos
Elyvilon
Fedhas
Gozag
Hepliaklqana
Kikubaaqudgha
Makhleb
Nemelex Xobeh
Okawaru
Qazlal
Ru
Sif Muna
Uskayaw
Wu Jian
Xom
Yredelemnul
Zin

Annotations:
D:3 4 runed translucent doors, Crazy Yiuf; qw's ghost, weakling MiHs
D:5 2 runed translucent doors, Pikel


Message History

Pikel is moderately wounded.
The lemure hits you. Pikel misses you.
You shoot a sling bullet.
The sling bullet hits Pikel but does no damage.
Pikel is moderately wounded.
The lemure hits you. Pikel completely misses you.
The lemure closely misses you. Pikel completely misses you.
You shoot a sling bullet.
The sling bullet hits Pikel but does no damage.
Pikel is moderately wounded.
The lemure misses you.
Pikel hits you with a +0 whip of flaming!
You shoot a sling bullet.
The sling bullet hits Pikel but does no damage.
Pikel is moderately wounded.
The lemure hits you. Pikel hits you but does no damage.
You shoot a sling bullet. The sling bullet hits Pikel!
Pikel is severely wounded.
The lemure closely misses you. Pikel completely misses you.
You shoot a sling bullet. The sling bullet hits Pikel.
Pikel is severely wounded.
The lemure hits you but does no damage.
Pikel hits you with a +0 whip of flaming.
Pikel burns you.
You shoot a sling bullet. The sling bullet closely misses Pikel.
The lemure hits you but does no damage. Pikel hits you but does no damage.
You shoot a sling bullet. The sling bullet hits Pikel!
Pikel is almost dead.
The lemure completely misses you. Pikel hits you but does no damage.
You shoot a sling bullet. The sling bullet closely misses Pikel.
The lemure hits you.
Pikel hits you with a +0 whip of flaming.
The lemure hits you but does no damage.
Pikel hits you with a +0 whip of flaming.
You shoot a sling bullet.
The sling bullet hits Pikel but does no damage.
Pikel is almost dead.
The lemure hits you.
Pikel hits you with a +0 whip of flaming.
You die...

#..........<..#
#.############# #.# #.# #.#
####### #.# ..^...# #.#
(####.# ###.### .# #.#
##...@K######
.####.######..#.#55....##
.#..............######.[####
...#.....#..###.# ##....##
>..........## #.# ##....#
####..##.### ### #..#.#
#....#.#####.## .K+..#.K55..
#....#.##.#(..#¤
_K..+..#####..
#....#....#..¤.¤....#####


You could see Pikel and 2 lemures.

Vanquished Creatures
  Prince Ribbit (D:5)
  2 lemures (D:5)
  A phantom (D:5)
  Blork the orc (D:5)
  A scorpion (D:5)
  A jelly (D:5)
  3 hounds
  An orc priest (D:5)
  A scorpion zombie (D:3)
  Terence (D:2)
  An iguana (D:5)
  2 orc wizards (D:5)
  A hound zombie (D:3)
  7 adders
  A white imp (D:4)
  A dart slug (D:5)
  15 orcs
  7 ball pythons
  An endoplasm (D:3)
  4 giant cockroaches
  7 goblins
  5 hobgoblins
  4 quokkas
  3 bats
  2 frilled lizards
  3 kobolds (D:1)
  5 rats
82 creatures vanquished.

Notes
Turn   | Place    | Note
-------+----------+-------------------------------------------
     0 | D:1      | qw the Gargoyle Hexslinger began the quest for the Orb.
     0 | D:1      | Reached XP level 1. HP: 12/12 MP: 2/2
     0 | D:1      | 0 ||| qw: Version: 0.3-a-51-g015441d
     0 | D:1      | 0 ||| qw: Game counter: 4476
     0 | D:1      | 0 ||| qw: Melee chars always use a shield: true
     0 | D:1      | 0 ||| qw: God list: Okawaru
     0 | D:1      | 0 ||| qw: Allow faded altars: false
     0 | D:1      | 0 ||| qw: Do Orc after clearing Dungeon:15 true
     0 | D:1      | 0 ||| qw: Do second Lair branch before Depths: true
     0 | D:1      | 0 ||| qw: Lair rune preference: random
     0 | D:1      | 0 ||| qw: Goals: Normal
     0 | D:1      | 0 ||| PLANNING D:1-11
   151 | D:1      | Found a faded altar of an unknown god.
   157 | D:1      | Reached XP level 2. HP: 16/16 MP: 3/3
   282 | D:1      | You fall into a shaft and drop 1 floor!
   302 | D:2      | 302 ||| READING scroll labelled VOHINWOTALECW.
   306 | D:2      | 306 ||| DROPPING scroll of poison.
   307 | D:2      | 307 ||| Stepping randomly (stuck).
   308 | D:2      | 308 ||| Stepping randomly (stuck).
   309 | D:2      | 309 ||| Stepping randomly (stuck).
   310 | D:2      | 310 ||| Stepping randomly (stuck).
   311 | D:2      | 311 ||| Stepping randomly (stuck).
   312 | D:2      | 312 ||| Stepping randomly (stuck).
   313 | D:2      | 313 ||| Stepping randomly (stuck).
   314 | D:2      | 314 ||| Stepping randomly (stuck).
   315 | D:2      | 315 ||| Stepping randomly (stuck).
   316 | D:2      | 316 ||| Stepping randomly (stuck).
   317 | D:2      | 317 ||| Stepping randomly (stuck).
   318 | D:2      | 318 ||| Stepping randomly (stuck).
   319 | D:2      | 319 ||| Stepping randomly (stuck).
   320 | D:2      | 320 ||| Stepping randomly (stuck).
   321 | D:2      | 321 ||| Stepping randomly (stuck).
   322 | D:2      | 322 ||| Stepping randomly (stuck).
   323 | D:2      | 323 ||| Stepping randomly (stuck).
   326 | D:2      | Reached skill level 3 in Ranged Weapons
   328 | D:2      | 328 ||| Stepping randomly (stuck).
   329 | D:2      | 329 ||| Stepping randomly (stuck).
   330 | D:2      | 330 ||| Stepping randomly (stuck).
   331 | D:2      | 331 ||| Stepping randomly (stuck).
   332 | D:2      | 332 ||| Stepping randomly (stuck).
   333 | D:2      | 333 ||| Stepping randomly (stuck).
   334 | D:2      | 334 ||| Stepping randomly (stuck).
   335 | D:2      | 335 ||| Stepping randomly (stuck).
   349 | D:2      | 349 ||| Stepping randomly (stuck).
   350 | D:2      | 350 ||| Stepping randomly (stuck).
   351 | D:2      | 351 ||| Stepping randomly (stuck).
   352 | D:2      | 352 ||| Stepping randomly (stuck).
   353 | D:2      | 353 ||| Stepping randomly (stuck).
   354 | D:2      | 354 ||| Stepping randomly (stuck).
   355 | D:2      | 355 ||| Stepping randomly (stuck).
   356 | D:2      | 356 ||| Stepping randomly (stuck).
   357 | D:2      | 357 ||| Stepping randomly (stuck).
   358 | D:2      | 358 ||| Stepping randomly (stuck).
   359 | D:2      | 359 ||| Stepping randomly (stuck).
   360 | D:2      | 360 ||| Stepping randomly (stuck).
   361 | D:2      | 361 ||| Stepping randomly (stuck).
   362 | D:2      | 362 ||| Stepping randomly (stuck).
   363 | D:2      | 363 ||| Stepping randomly (stuck).
   364 | D:2      | 364 ||| Stepping randomly (stuck).
   365 | D:2      | 365 ||| Stepping randomly (stuck).
   366 | D:2      | 366 ||| Stepping randomly (stuck).
   367 | D:2      | 367 ||| Stepping randomly (stuck).
   368 | D:2      | 368 ||| Stepping randomly (stuck).
   369 | D:2      | 369 ||| Stepping randomly (stuck).
   370 | D:2      | 370 ||| Stepping randomly (stuck).
   371 | D:2      | 371 ||| Stepping randomly (stuck).
   372 | D:2      | 372 ||| Stepping randomly (stuck).
   373 | D:2      | 373 ||| Stepping randomly (stuck).
   374 | D:2      | 374 ||| Stepping randomly (stuck).
   375 | D:2      | 375 ||| Stepping randomly (stuck).
   376 | D:2      | 376 ||| Stepping randomly (stuck).
   377 | D:2      | 377 ||| Stepping randomly (stuck).
   378 | D:2      | 378 ||| Stepping randomly (stuck).
   379 | D:2      | 379 ||| Stepping randomly (stuck).
   380 | D:2      | 380 ||| Stepping randomly (stuck).
   381 | D:2      | 381 ||| Stepping randomly (stuck).
   382 | D:2      | 382 ||| Stepping randomly (stuck).
   383 | D:2      | 383 ||| Stepping randomly (stuck).
   384 | D:2      | 384 ||| Stepping randomly (stuck).
   385 | D:2      | 385 ||| Stepping randomly (stuck).
   386 | D:2      | 386 ||| Stepping randomly (stuck).
   387 | D:2      | 387 ||| Stepping randomly (stuck).
   388 | D:2      | 388 ||| Stepping randomly (stuck).
   389 | D:2      | 389 ||| Stepping randomly (stuck).
   390 | D:2      | 390 ||| Stepping randomly (stuck).
   391 | D:2      | 391 ||| Stepping randomly (stuck).
   392 | D:2      | 392 ||| Stepping randomly (stuck).
   393 | D:2      | 393 ||| Stepping randomly (stuck).
   394 | D:2      | 394 ||| Stepping randomly (stuck).
   395 | D:2      | 395 ||| Stepping randomly (stuck).
   396 | D:2      | 396 ||| Stepping randomly (stuck).
   397 | D:2      | 397 ||| Stepping randomly (stuck).
   484 | D:2      | Found a shimmering altar of Xom.
   571 | D:2      | 571 ||| UPGRADING to +0 pair of boots.
   767 | D:1      | Reached XP level 3. HP: 21/21 MP: 4/4
  1085 | D:1      | 1085 ||| READING 2 scrolls labelled INESEN PEOPP.
  1325 | D:2      | Noticed Terence
  1336 | D:2      | Killed Terence
  1380 | D:2      | Reached XP level 4. HP: 23/26 MP: 5/5
  1649 | D:2      | Reached skill level 4 in Ranged Weapons
  1655 | D:2      | 1655 ||| READING 2 scrolls labelled XILILO XAASE.
  1656 | D:2      | 1656 ||| READING scroll of enchant weapon.
  1656 | D:2      | 1656 ||| ENCHANTING +2 sling.
  1657 | D:2      | 1657 ||| READING scroll labelled PAT HAUJYMU.
  1658 | D:2      | 1658 ||| READING scroll labelled NOASIPN TEAT.
  1659 | D:2      | 1659 ||| READING 2 scrolls of identify.
  1659 | D:2      | 1659 ||| IDENTIFYING lumpy red potion
  1660 | D:2      | 1660 ||| DROPPING potion of attraction.
  1872 | D:3      | 1872 ||| FLEEEEING.
  1929 | D:3      | Found a runed translucent gate.
  1929 | D:3      | Found a runed translucent gate.
  1929 | D:3      | Found a runed translucent gate.
  1929 | D:3      | Noticed qw's ghost (weakling MiHs)
  1931 | D:3      | 1931 ||| DROPPING ring of magical power.
  1932 | D:3      | 1932 ||| READING scroll labelled JEBRIE UDOYSIN.
  1933 | D:3      | 1933 ||| READING 3 scrolls of identify.
  1933 | D:3      | 1933 ||| IDENTIFYING ruby potion
  1934 | D:3      | 1934 ||| READING 2 scrolls of identify.
  1934 | D:3      | 1934 ||| IDENTIFYING clear potion
  1935 | D:3      | Found a basalt altar of Yredelemnul.
  1951 | D:3      | Reached XP level 5. HP: 21/30 MP: 6/6
  1997 | D:3      | Reached skill level 5 in Ranged Weapons
  2030 | D:3      | Identified the ring of Noryrr {rElec rF+ EV+5}
  2114 | D:3      | Found a stormy altar of Qazlal.
  2318 | D:3      | Found a runed translucent door.
  2319 | D:3      | Noticed Crazy Yiuf
  2392 | D:3      | 2392 ||| UPGRADING to +0 ring mail.
  2402 | D:3      | 2402 ||| DROPPING +0 robe.
  2403 | D:3      | 2403 ||| UPGRADING to ring of Noryrr {rElec rF+ EV+5}.
  2494 | D:4      | Reached skill level 1 in Armour
  2622 | D:4      | Reached skill level 3 in Fighting
  2622 | D:4      | Reached XP level 6. HP: 33/37 MP: 7/7
  3127 | D:4      | 3127 ||| UPGRADING to +6 ring of dexterity.
  3128 | D:4      | 3128 ||| READING 4 scrolls of identify.
  3128 | D:4      | 3128 ||| IDENTIFYING metallic green potion
  3129 | D:4      | 3129 ||| READING 3 scrolls of identify.
  3129 | D:4      | 3129 ||| IDENTIFYING purple potion
  3130 | D:4      | 3130 ||| DROPPING potion of lignification.
  3131 | D:4      | 3131 ||| DROPPING potion of brilliance.
  3140 | D:5      | Entered Level 5 of the Dungeon
  3174 | D:5      | Found a blossoming altar of Fedhas.
  3174 | D:5      | Found a shimmering altar of Xom.
  3174 | D:5      | Found an opulent altar of Gozag.
  3174 | D:5      | Found a broken altar of Ashenzari.
  3309 | D:5      | HP: 8/37 [lemure[Pikel] (4)]
  3310 | D:5      | 3310 ||| READING 2 scrolls of teleportation.
  3310 | D:5      | HP: 2/37 [lemure[Pikel] (6)]
  3459 | D:5      | Found a staircase to the Ecumenical Temple.
  3459 | D:5      | Noticed Prince Ribbit
  3460 | D:5      | 3460 ||| PLANNING TEMPLE
  3469 | D:5      | Killed Prince Ribbit
  3470 | D:5      | Reached skill level 6 in Ranged Weapons
  3470 | D:5      | Reached XP level 7. HP: 33/41 MP: 8/8
  3505 | Temple   | Entered the Ecumenical Temple
  3539 | Temple   | 3539 ||| PLANNING D:1-11
  3579 | D:5      | 3579 ||| DRINKING potion of curing.
  3579 | D:5      | 3579 ||| (to cure confusion)
  3709 | D:5      | Found an iron altar of Okawaru.
  3710 | D:5      | 3710 ||| PLANNING OKAWARU WORSHIP
  3717 | D:5      | Became a worshipper of Warmaster Okawaru
  3718 | D:5      | 3718 ||| PLANNING D:1-11
  3804 | D:5      | Found a large runed translucent door.
  3804 | D:5      | Found a large runed translucent door.
  3807 | D:5      | Found a shimmering altar of Xom.
  3808 | D:5      | Noticed Pikel
  3835 | D:5      | HP: 10/43 [Pikel/+0 whip of flaming (1)]
  3836 | D:5      | 3836 ||| READING scroll of teleportation.
  3836 | D:5      | HP: 4/43 [Pikel/+0 whip of flaming (7)]
  4008 | D:5      | Reached skill level 7 in Ranged Weapons
  4111 | D:5      | Found a white marble altar of Elyvilon.
  4160 | D:5      | Noticed Blork the orc
  4178 | D:5      | Killed Blork the orc
  4237 | D:5      | Reached * piety under Okawaru
  4301 | D:5      | 4301 ||| INVOKING Heroism.
  4322 | D:5      | HP: 6/43 [Pikel/+0 whip of flaming (5)]
  4323 | D:5      | HP: 2/43 [lemure[Pikel] (1)]
  4323 | D:5      | Slain by Pikel

Levels and vault maps discovered:
D:1:      dpeg_arrival_round_b, layout_loops_ring,
          shapermc_ecumenical_altar_acropolis, minmay_misc_feat_diagonals,
          minmay_misc_feat_tiny, minmay_misc_feat_x,
          nicolae_concentric_dashed_squares_wild, corexii_hall_statues_i
D:2:      layout_loops_ring, basic_altar, uniq_terence
D:3:      layout_basic, amcnicky_altar_gilded, nicolae_yredelemnul_ghost_church,
          uniq_crazy_yiuf_cottage
D:4:      layout_basic
D:5:      due_chaos_kobolds, layout_basic, elyvilon_altar_1,
          chequers_temple_overflow_statue_of_worship,
          mainiacjoe_overflow_surrounded_room, temple_green, uniq_pikel,
          uniq_prince_ribbit1, uniq_blork_the_orc
Temple:   hellmonk_temple_of_storms

Skill      XL: |  1  2  3  4  5  6  7 |
---------------+----------------------+-----
Ranged Weapons | 3 4 5 6 7 |  7.4
Fighting       | 2 3 4 |  4.1
Armour         | 1 |  1.9
Dodging        | 2 |  2.2
Spellcasting   | |  1.0
Hexes          | |  2.6

Action                     |  1- 3 |  4- 6 |  7- 9 || total
---------------------------+-------+-------+-------++-------
   Fire: Sling             |   116 |   211 |   164 ||   491
 Invoke: Heroism           |       |       |     1 ||     1
    Use: Scroll            |     2 |    11 |     1 ||    14
         Potion            |       |       |     1 ||     1
 Armour: Robe              |    17 |    26 |       ||    43
         Ring mail         |       |    33 |    40 ||    73
  Dodge: Dodged            |    39 |   126 |   101 ||   266

Table legend:
 A = Non-vault XP
 B = Vault XP
 C = Vault XP percentage of total XP
 D = Non-vault monster count
 E = Vault monster count
 F = Vault count percentage of total count
                 A         B        C        D         E       F
            +---------+---------+-------+---------+---------+-------
      Total |     730 |     458 |  38.6 |      75 |       5 |   6.2
            +---------+---------+-------+---------+---------+-------
        D:1 |      25 |       0 |   0.0 |      17 |       0 |   0.0
        D:2 |      42 |      36 |  46.2 |      11 |       1 |   8.3
        D:3 |      58 |      58 |  50.0 |      16 |       2 |  11.1
        D:4 |     134 |       0 |   0.0 |      12 |       0 |   0.0
        D:5 |     471 |     364 |  43.6 |      19 |       2 |   9.5
            +---------+---------+-------+---------+---------+-------
